 Dungeon Crawl Stone Soup version 0.29.1-1-gd02db6906a (webtiles) character file.

Game seed: 11210082487829696759

2072 RascalDebosk the Destroyer (level 9, -2/45 HPs)
             Began as a Deep Elf Conjurer on Oct 9, 2022.
             Slain by Edmund
             ... wielding a +4 flail of protection
              (8 damage)
             ... on level 6 of the Dungeon.
             The game lasted 00:51:14 (8015 turns).

RascalDebosk the Destroyer (Deep Elf Conjurer)      Turns: 8015, Time: 00:51:15

Health: -2/45      AC:  7    Str:  4    XL:     9   Next: 5%
Magic:  7/23       EV: 12    Int: 28    God:
Gold:   290        SH:  0    Dex: 13    Spells: 10/24 levels left

rFire   + . .      SeeInvis .   d - +2 dagger (speed)
rCold   + . .      Faith    .   (no shield)
rNeg    + . .      Spirit   .   A - +2 robe {Will+}
rPois   .          Reflect  .   e - +0 helmet
rElec   .          Harm     .   p - scarf {rC+ rF+}
rCorr   .          Rampage  .   r - +1 pair of gloves
Will    +....                   (no boots)
Stlth   ++........              (no amulet)
HPRegen 0.15/turn               j - ring of positive energy
MPRegen 0.18/turn               (no ring)

@: no status effects
A: no striking features
a: no special abilities


You were on level 6 of the Dungeon.
You visited 1 branch of the dungeon, and saw 6 of its levels.
You also visited: Sewer.

You collected 290 gold pieces.

Inventory:

Hand Weapons
 d - a +2 dagger of speed (weapon)
 k - a +0 scythe
 s - a +1 dagger
Armour
 e - a +0 helmet (worn)
 o - a +0 robe
 p - a scarf of resistance (worn)
 r - a +1 pair of gloves (worn)
 A - a +2 robe of willpower (worn)
Jewellery
 j - a ring of positive energy (left hand)
 n - a ring of fire
Wands
 i - a wand of polymorph (3)
 x - a wand of flame (12)
Scrolls
 g - a scroll of blinking
 t - a scroll of teleportation
Potions
 a - 2 potions of ambrosia
 b - a potion of flight
 c - 5 potions of haste
 f - 2 potions of heal wounds
 h - a potion of invisibility {unknown}
 l - 3 potions of lignification
 m - 3 potions of resistance
 q - a potion of berserk rage {unknown}
 u - a potion of curing {unknown}
 w - a potion of mutation {unknown}
 z - a potion of might {unknown}
 B - a potion of cancellation {unknown}


   Skills:
 - Level 2.4 Dodging
 - Level 4.0 Stealth
 - Level 8.0 Spellcasting
 + Level 10.0 Conjurations
 + Level 7.7 Hexes


You had 10 spell levels left.
You knew the following spells:

 Your Spells              Type           Power      Damage    Failure   Level
a - Magic Dart            Conj           100%       1d8       1%          1
b - Searing Ray           Conj           100%       2d8       1%          2
c - Dazzling Flash        Conj/Hex       100%       N/A       1%          3
d - Fulminant Prism       Conj/Hex       28%        3d14      1%          4
e - Iskenderun's Mystic   Conj/Tloc      39%        2d9       6%          4

Your spell library contained the following spells:

 Spells                   Type           Power      Damage    Failure   Level
 Conjure Ball Lightning   Conj/Air       19%        3x3d6     67%         6
 Discord                  Hex            26%        N/A       100%        8
 Disjunction              Tloc           5%         N/A       100%        8


Dungeon Overview and Level Annotations

Branches:
Dungeon (6/15)              Sewer (visited)
 Temple: D:4-7

Altars:
Wu Jian
Xom

Annotations:
D:5 1 exclusion
D:6 Edmund


Message History

a +0 club; a curare-tipped dart; a kobold corpse
Items here: (( ))).
Items here: ( )))).
Things that are here:
a +0 club; a curare-tipped dart; a kobold corpse
Found a chain mail.
A black bear, Edmund and a scorpion come into view.
Edmund is wielding a +4 flail of protection.
Casting: Iskenderun's Mystic Blast (dangerous; 6% risk of failure)
Confirm with . or Enter, or press ? or * to list all spells.
Aiming: Searing Ray (safe; 1% risk of failure)
Press: ? - help, Shift-Dir - straight line, f - scorpion
Aim: a scorpion (83% to hit)
The searing ray hits the scorpion!
The scorpion is severely wounded. (Press . to maintain the ray.)
The searing ray hits the scorpion.
The scorpion is almost dead.
The searing ray misses the scorpion.
The searing ray misses the scorpion.
You finish channelling your searing ray.
The scorpion stings you.
The scorpion stings you but does no damage.
The scorpion barely misses you.
You hit the scorpion but do no damage.
The scorpion is almost dead.
The scorpion misses you.
You hit the scorpion but do no damage.
The scorpion is almost dead.
You hit the scorpion.
The scorpion is almost dead.
The scorpion stings you but does no damage.
You hit the scorpion but do no damage.
The scorpion is almost dead.
The scorpion stings you but does no damage.
You hit the scorpion.
You kill the scorpion!
Your Conjurations skill increases to level 10!
You start resting.
HP restored.
You start resting.
Magic restored.
The black bear growls angrily.
A hound comes into view.
The hound barks!
Casting: Searing Ray (safe; 1% risk of failure)
Confirm with . or Enter, or press ? or * to list all spells.
You erupt in a blast of force!
The mystic blast hits Edmund but does no damage.
Edmund says, "What use are spells, anyway?"
Edmund hits you with a +4 flail of protection.
Edmund hits you with a +4 flail of protection.
Casting: Iskenderun's Mystic Blast (dangerous; 6% risk of failure)
Confirm with . or Enter, or press ? or * to list all spells.
You erupt in a blast of force!
The mystic blast hits Edmund.
Edmund is lightly wounded.
Edmund is knocked back by the mystic blast.
Edmund slams into the rock wall!
Casting: Iskenderun's Mystic Blast (dangerous; 6% risk of failure)
Confirm with . or Enter, or press ? or * to list all spells.
You erupt in a blast of force!
The mystic blast hits Edmund but does no damage.
Edmund is lightly wounded.
Edmund hits you with a +4 flail of protection.
Casting: Iskenderun's Mystic Blast (dangerous; 6% risk of failure)
Confirm with . or Enter, or press ? or * to list all spells.
Aiming: Searing Ray (safe; 1% risk of failure)
Press: ? - help, Shift-Dir - straight line, f - Edmund
Aim: Edmund, wielding a +4 flail of protection and wearing a +0 chain mail (lightly wounded, 87% to hit)
The searing ray hits Edmund.
Edmund is lightly wounded. (Press . to maintain the ray.)
* * * LOW MAGIC WARNING * * *
Edmund misses you.
The searing ray hits Edmund.
Edmund is lightly wounded.
* * * LOW MAGIC WARNING * * *
Edmund closely misses you.
The searing ray hits Edmund but does no damage.
Edmund is lightly wounded.
* * * LOW MAGIC WARNING * * *
Edmund hits you with a +4 flail of protection!
The searing ray hits Edmund but does no damage.
Edmund is lightly wounded.
* * * LOW MAGIC WARNING * * *
You finish channelling your searing ray.
Edmund hits you with a +4 flail of protection!
* * * LOW HITPOINT WARNING * * *
Aiming: Polymorph
Press: ? - help, Shift-Dir - straight line, f/p - Edmund
Aim: Edmund, wielding a +4 flail of protection and wearing a +0 chain mail (lightly wounded, will become a troll, a wolf, or a scorpion, chance to affect: 49%) Edmund resists with some effort.
Edmund hits you with a +4 flail of protection!
* * * LOW HITPOINT WARNING * * *
Aiming: Polymorph
Press: ? - help, Shift-Dir - straight line, f/p - Edmund
Aim: Edmund, wielding a +4 flail of protection and wearing a +0 chain mail (lightly wounded, will become a troll, a wolf, or a scorpion, chance to affect: 49%) Edmund resists with some effort.
Edmund hits you with a +4 flail of protection!
You die...

##..##...#..)##..##
#.....
#....#...#...#....#
#####.
##..#.#...#..)#.#..##
#.
#..##.#..#.#..#.##..#
#.
#..#(.#..#.#..#.)#..#
#.
#..####..#.#..####..#
#.
##..##..##.##.)##..##
#.
#......#...#).....#
#.
##....##..@##....##
#. ##..##...@.##..##
#. ####..#.#..#### #.
#..#####..# #. #..
h#h#..# #. #..#.
.#..############. ##
.. ...##..........#.
#.# .############.##
# #.#


You could see Edmund and a hound.

Vanquished Creatures
  Sigmund (D:2)
  Menkaure (D:6)
  2 black bears
  An ice beast (D:5)
  An ogre (D:5)
  A sky beast (D:4)
  A phantom (D:5)
  4 kobold brigands (D:6)
  2 necrophages (D:5)
  5 scorpions
  2 howler monkeys
  3 hounds
  A jelly (D:4)
  Terence (D:2)
  3 iguanas
  3 orc wizards
  3 adders
  A shadow imp (D:6)
  2 white imps (D:6)
  An ufetubus (D:5)
  A worm (D:2)
  A dart slug (D:2)
  13 orcs
  6 bats
  6 endoplasms
  7 giant cockroaches
  10 goblins
  9 hobgoblins
  10 jackals
  33 kobolds
  4 quokkas
  10 ball pythons
  4 frilled lizards
  7 rats
160 creatures vanquished.

Vanquished Creatures (others)
  7 fulminant prisms
  2 fungi (Sewer)
  36 plants
45 creatures vanquished.

Grand Total: 205 creatures vanquished

Notes
Turn   | Place    | Note
-------+----------+-------------------------------------------
     0 | D:1      | RascalDebosk the Deep Elf Conjurer began the quest for the
                  | Orb.
     0 | D:1      | Reached XP level 1. HP: 10/10 MP: 6/6
   224 | D:1      | Reached XP level 2. HP: 15/15 MP: 6/8
   227 | D:1      | Learned a level 2 spell: Searing Ray
   684 | D:1      | Reached XP level 3. HP: 19/19 MP: 7/10
   834 | D:1      | Learned a level 3 spell: Dazzling Flash
  1200 | D:2      | Noticed Sigmund
  1295 | D:2      | Killed Sigmund
  1296 | D:2      | Reached skill level 5 in Spellcasting
  1296 | D:2      | Reached skill level 5 in Conjurations
  1296 | D:2      | Reached XP level 4. HP: 18/24 MP: 2/13
  1296 | D:2      | Reached XP level 5. HP: 21/28 MP: 2/14
  1757 | D:2      | Found an ornate altar of the Wu Jian Council.
  1959 | D:2      | Noticed Terence
  1966 | D:2      | Learned a level 4 spell: Fulminant Prism
  1971 | D:2      | Learned a level 4 spell: Iskenderun's Mystic Blast
  1973 | D:2      | Found a faded altar of an unknown god.
  1983 | D:2      | Killed Terence
  2257 | D:3      | Reached skill level 6 in Conjurations
  2968 | D:3      | Found an ornate altar of the Wu Jian Council.
  3249 | D:4      | Reached XP level 6. HP: 32/32 MP: 11/17
  3591 | D:4      | Found a shimmering altar of Xom.
  3727 | D:4      | Noticed a sky beast
  3729 | D:4      | Reached XP level 7. HP: 31/36 MP: 5/19
  3744 | D:4      | Reached skill level 7 in Conjurations
  4352 | D:5      | Entered Level 5 of the Dungeon
  4429 | D:5      | Reached skill level 1 in Hexes
  4537 | D:5      | Reached skill level 8 in Conjurations
  4676 | D:5      | Reached XP level 8. HP: 36/41 MP: 13/22
  4852 | D:5      | Found a glowing drain.
  4860 | Sewer    | Entered a sewer
  5557 | D:5      | Reached skill level 5 in Hexes
  6335 | D:5      | Reached skill level 9 in Conjurations
  6521 | D:6      | Noticed Menkaure
  6538 | D:6      | Killed Menkaure
  7746 | D:6      | Reached XP level 9. HP: 45/45 MP: 9/23
  7898 | D:6      | Noticed Edmund
  7914 | D:6      | Reached skill level 10 in Conjurations
  8015 | D:6      | Slain by Edmund

Illustrated notes

Levels and vault maps discovered:
D:1:      kennysheep_arrival_seaside, layout_rooms, serial_bayou,
          serial_bayou_pond_e, serial_bayou_lagoon_a, serial_bayou_shore_a,
          serial_bayou_pond_d, minmay_pentomino_v2
D:2:      layout_rooms, basic_altar, ebering_ecumenical_altar_petrified,
          serial_bayou_pond_b, uniq_terence, uniq_sigmund
D:3:      layout_loops_corners, nicolae_wu_jian_glorious_leap
D:4:      layout_basic, kennysheep_little_box
D:5:      layout_loops_ring, gup_sewer_entry_bubbles,
          minmay_misc_feat_secret_circle, lemuel_flame_loot_1
D:6:      layout_basic, chequers_serial_rivers_micro_b, minmay_puff,
          uniq_menkaure, uniq_edmund

Skill      XL: |  1  2  3  4  5  6  7  8  9 |
---------------+----------------------------+-----
Stealth        | 3 4 |  4.0
Spellcasting   | 5 6 7 8 |  8.0
Conjurations   | 5 6 8 9 10 | 10.0
Hexes          | 3 7 |  7.7
Dodging        | |  2.4

Action                   |  1- 3 |  4- 6 |  7- 9 || total
-------------------------+-------+-------+-------++-------
Melee: Unarmed           |     1 |       |       ||     1
       Dagger            |     4 |     6 |    24 ||    34
       Punch             |       |     1 |     1 ||     2
 Cast: Magic Dart        |    67 |    83 |   156 ||   306
       Searing Ray       |     1 |     3 |    10 ||    14
       Dazzling Flash    |     1 |       |       ||     1
       Iskenderun's Myst |       |     4 |    28 ||    32
       Fulminant Prism   |       |     2 |     5 ||     7
Evoke: Wand              |       |       |     2 ||     2
  Use: Potion            |       |     1 |     1 ||     2
       Scroll            |       |       |    15 ||    15
 Stab: Invisible         |     1 |       |       ||     1
       Sleeping          |       |       |     1 ||     1
Armor: Robe              |     8 |     4 |    12 ||    24
Dodge: Dodged            |    12 |    14 |    36 ||    62
